AoeStats
← HHADEZZ

Arabia

510230225Analyzed
3v3 RM · 3d ago on Sep 30, 2026· 40m 18s· 6 players
Game mode
Random Map
Map size
Normal (6 player)
Population
200
Speed
Normal
Resources
Standard
Victory
Conquest
Starting age
Dark Age
Ending age
Imperial Age
RankedLock teamsTeams togetherTeam positionsShared explorationLock speedFull tech treeHidden civsTurbo modeCheats
Victory
Defeat
🇦🇷 Saxons · Argentina
1095
+10
🇦🇷 Vikings · Argentina
1083
+10
🇦🇷 Danes · Argentina
739
+24
🇲🇽 Magyars · Mexico
971
-16
🇵🇪 Byzantines · Peru
922
-14
🇲🇽 Franks · Mexico
917
-40
Mogador
10:13 Feudal Age
12:55 Loom
14:20 Bloodlines
19:59 Castle Age
20:15 Light Cavalry
21:33 Scale Barding Armor
24:51 Wheelbarrow
24:23 Husbandry
30:28 Chain Barding Armor
HHADEZZ
12:50 Loom
15:47 Feudal Age
25:03 Man-at-Arms
26:53 Wheelbarrow
37:21 Double-Bit Axe
DK
5:41 Loom
10:00 Feudal Age
17:32 Castle Age
15:54 Double-Bit Axe
16:26 Horse Collar
20:01 Wheelbarrow
20:45 Bow Saw
21:50 Heavy Plow
24:08 Scale Mail Armor
24:38 Squires
24:53 Pikeman
25:00 Elite Skirmisher
27:35 Fletching
28:01 Chain Mail Armor
28:55 Hand Cart
32:07 Bodkin Arrow
35:40 Imperial Age
34:34 Forging
Monchit99
7:25 Loom
7:50 Loom
10:49 Feudal Age
11:35 Double-Bit Axe
17:57 Castle Age
16:48 Horse Collar
22:01 Fletching
22:24 Forging
25:36 Town Watch
26:03 Pikeman
27:20 Iron Casting
26:46 Scale Mail Armor
31:50 Imperial Age
30:17 Squires
32:36 Chain Mail Armor
32:59 Capped Ram
33:44 Elite Berserk
34:46 Conscription
35:50 Bow Saw
37:43 Hoardings
37:11 Chieftains
38:59 Blast Furnace
37:59 Sappers
39:52 Gold Mining
39:54 Stone Mining
40:09 Stone Mining
40:21 Heavy Plow
Gusti1554
6:52 Loom
9:01 Feudal Age
10:16 Horse Collar
10:26 Double-Bit Axe
20:43 Castle Age
19:25 Padded Archer Armor
20:49 Crossbowman
21:35 Thumb Ring
22:25 Gold Mining
22:47 Bow Saw
22:45 Heavy Plow
24:25 Pikeman
25:21 Gambesons
26:38 Wheelbarrow
28:39 Fletching
29:07 Forging
28:58 Scale Mail Armor
34:34 Hand Cart
36:02 Leather Archer Armor
35:43 Bodkin Arrow
36:23 Iron Casting
36:04 Chain Mail Armor
37:23 Gold Shaft Mining
39:39 Imperial Age
37:18 Town Watch
39:12 Squires
40:09 Elite Varangian Guard
41:20 Ring Archer Armor
41:23 Plate Mail Armor
40:40 Arson
JoacoM-.
8:03 Loom
10:47 Feudal Age
11:33 Double-Bit Axe
22:25 Castle Age
21:13 Forging
24:20 Gold Mining
26:16 Wheelbarrow
26:18 Horse Collar
29:34 Iron Casting
30:15 Pikeman
33:19 Scale Mail Armor
37:14 Imperial Age
36:42 Hand Cart
36:13 Town Watch
36:41 Masonry
37:09 Gold Shaft Mining
38:15 Town Patrol
37:41 Elite Varangian Guard
38:48 Stone Mining
Connection lost

Rejoining the realm…

Still unreachable

The connection could not be restored.

Session expired

The server has moved on; the page needs a fresh start.